 Dungeon Crawl Stone Soup version 0.26.1-11-gd32895ea62 (webtiles) character file.

Game seed: 8812814658691458648

3446 promet the Magician (level 9, 0/68 (69) HPs)
             Began as a Purple Draconian Air Elementalist on June 6, 2021.
             Was a Priest of Nemelex Xobeh.
             Slain by a +2 war axe of chaos (2 damage)
             ... on level 8 of the Dungeon on June 7, 2021.
             The game lasted 01:27:05 (12234 turns).

promet the Magician (DrAE)                         Turns: 12234, Time: 01:27:06

HP:   0/68 (69)     AC: 14    Str: 10    XL:     9   Next: 77%
MP:   8/19          EV: 14    Int: 18    God:    Nemelex Xobeh [***...]
Gold: 297           SH:  0    Dex: 13    Spells: 6/22 levels left

rFire    . . .     SeeInvis .   a - +0 bardiche
rCold    . . .     Faith    .   (shield currently unavailable)
rNeg     . . .     Spirit   .   (armour unavailable)
rPois    .         Reflect  .   F - +1 hat
rElec    .         Harm     .   g - +1 cloak
rCorr    .         Rampage  .   D - +1 pair of gloves
Will     +....                  k - +1 pair of boots
Stlth    ++........             I - amulet of regeneration
HPRegen  0.61/turn              i - ring of wizardry
MPRegen  0.16/turn              A - ring of wizardry

@: mighty, about to teleport, slowed, lightly drained, very slow
A: breathe power, unfitting armour, cold-blooded, AC +7
a: Breathe Dispelling Energy, Renounce Religion, Draw Escape, Draw Destruction,
Draw Summoning, Triple Draw


You were on level 8 of the Dungeon.
You worshipped Nemelex Xobeh.
Nemelex Xobeh was most pleased with you.
You visited 1 branch of the dungeon, and saw 9 of its levels.

You collected 297 gold pieces.

Inventory:

Hand Weapons
 a - a +0 bardiche (weapon)
 b - a +0 hunting sling
 y - a +4 dagger
 C - a +0 short sword
 G - a +0 long sword
 H - a cursed +1 vorpal great sword
 J - a +6 spear of freezing
 L - a +0 rapier
 N - a +0 rapier
 R - a +1 scimitar of holy wrath
Missiles
 d - 97 bolts
 j - 27 sling bullets
 n - 25 poisoned darts (quivered)
 p - 229 stones
 v - 111 arrows
 x - a throwing net
 B - 3 boomerangs
 O - 2 javelins
Armour
 g - a +1 cloak (worn)
 k - a +1 pair of boots (worn)
 D - a +1 pair of gloves (worn)
 F - a +1 hat (worn)
Jewellery
 f - an uncursed ring of stealth
 i - a ring of wizardry (left hand)
 A - a ring of wizardry (right hand)
 I - an amulet of regeneration (around neck)
 Q - an uncursed ring of protection from cold
Wands
 q - a wand of polymorph (12)
 r - a wand of paralysis (8)
 K - a wand of flame (23)
Scrolls
 o - 2 scrolls of magic mapping
 E - 5 scrolls of identify
Potions
 c - a potion of berserk rage
 e - 2 potions of heal wounds
 l - 2 potions of magic
 m - 3 potions of curing
 t - a potion of mutation {unknown}
 w - a potion of cancellation
 z - a potion of flight
 M - 2 potions of degeneration {unknown}
 P - a potion of lignification {unknown}
Miscellaneous
 h - a phial of floods (inert)


   Skills:
 + Level 3.1 Fighting
 + Level 2.9(3.5) Short Blades
 + Level 2.9(3.5) Long Blades
 + Level 4.2 Polearms
 + Level 2.7(3.0) Slings
 + Level 1.6(2.4) Throwing
 + Level 4.1 Dodging
 + Level 4.0 Stealth
 + Level 7.2 Spellcasting
 + Level 4.2 Conjurations
 + Level 7.0 Air Magic
 + Level 0.1 Evocations


You had 6 spell levels left.
You knew the following spells:

 Your Spells              Type           Power        Failure   Level
a - Shock                 Conj/Air       100%         1%          1
b - Swiftness             Air            31%          1%          2
c - Static Discharge      Conj/Air       26%          1%          3
d - Airstrike             Air            15%          1%          4
e - Lightning Bolt        Conj/Air       13%          8%          5
f - Sandblast             Erth           12%          3%          1

Your spell library contained the following spells:

 Spells                   Type           Power        Failure   Level
 Animate Skeleton         Necr           12%          3%          1
 Apportation              Tloc           12%          3%          1
 Beastly Appendage        Tmut           12%          3%          1
 Corona                   Hex            6%           3%          1
 Summon Small Mammal      Summ           24%          3%          1
 Stone Arrow              Conj/Erth      28%          3%          3
 Passwall                 Tmut/Erth      5%           4%          2
 Slow                     Hex            6%           4%          2
 Wereblood                Tmut           6%           4%          2
 Inner Flame              Hex/Fire       6%           9%          3
 Portal Projectile        Hex/Tloc       12%          9%          3
 Spider Form              Tmut/Pois      3%           9%          3
 Cause Fear               Hex            3%           26%         4
 Ice Form                 Ice/Tmut       6%           26%         4
 Leda's Liquefaction      Hex/Erth       3%           26%         4
 Petrify                  Tmut/Erth      6%           26%         4
 Blade Hands              Tmut           3%           56%         5
 Lee's Rapid Deconstruct  Erth           3%           56%         5


Dungeon Overview and Level Annotations

Branches:
Dungeon (9/15)             Temple (0/1) D:6
   Lair: D:8-11         Orc: D:9-12

Altars:
Nemelex Xobeh
Wu Jian
Xom

Annotations:
D:7 2 transporters, aphrod's ghost, journeyman SpEn
D:8 dtburroughs's ghost, novice MiBe
D:9 Psyche


Innate Abilities, Weirdness & Mutations

You can breathe bolts of dispelling energy.
Your rich purple scales are hard. (AC +7)
You cannot fit into any form of body armour.
You are cold-blooded and may be slowed by cold attacks.


Message History

You closely miss the +2 war axe of chaos.
The +2 war axe of chaos hits you!!
You are poisoned.
The +2 war axe of chaos hits you!
You feel better. The +2 war axe of chaos hits you!
You feel very mighty all of a sudden.
You barely miss the +2 war axe of chaos.
Your tail-slap misses the +2 war axe of chaos.
The +2 war axe of chaos hits you.
You feel yourself slow down. The +2 war axe of chaos freezes you.
The +2 war axe of chaos hits you!
* * * LOW HITPOINT WARNING * * *
You feel your power leaking away. The +2 war axe of chaos hits you!
* * * LOW HITPOINT WARNING * * *
As you read the scroll of teleportation, it crumbles to dust.
You feel strangely unstable. The +2 war axe of chaos hits you.
* * * LOW HITPOINT WARNING * * *
The +2 war axe of chaos burns you.
You die...
Your body disappears without a glow.

..##..###..##........##.# #...#
.##..##.##..##......###.# #...#
##...8...##..##.....# #.# #####
.##)##..##..##......# #.#
..###..##.)##.......# #.#
#..#..##..##........###.###
##...##..##.##.####.......####
.##.##..##.###..###..........#
..###..##.......@##..........#
...#..##.######.(######.##...####
#....##..# ##.## #.##...##..
.....#...# #(.#####.##...##.#
.....)...# #..##.........#...
.####.###### #..[#.......###...
.# #.####.#####.#.#.......# #...
## #....#......(#.#.......# #...
.# ####.......###.........# #...


You could see a +2 war axe of chaos.

Vanquished Creatures
  A tengu warrior (D:8)
  A wyvern (D:8)
  Menkaure (D:7)
  A phantom (D:8)
  A black bear (D:7)
  3 sky beasts
  7 ogres
  A big kobold (D:8)
  A bullfrog (D:7)
  6 scorpions
  A killer bee (D:8)
  3 wights (D:7)
  A howler monkey (D:4)
  4 hounds (D:8)
  An orc priest (D:4)
  2 jellies
  A bullfrog skeleton (D:5)
  2 centaur skeletons (D:8)
  4 iguanas
  4 orc wizards
  6 worker ants
  A hound zombie (D:8)
  A howler monkey zombie (D:4)
  10 adders
  3 shadow imps
  A white imp (D:8)
  An ufetubus (D:8)
  An ooze (D:1)
  An adder skeleton (D:3)
  2 worms
  2 dart slugs (D:1)
  4 leopard geckos
  15 orcs
  4 giant cockroaches
  10 goblins
  11 hobgoblins
  16 jackals
  A quokka (D:5)
  10 bats
  7 frilled lizards
  5 kobolds
  A leopard gecko skeleton (D:4)
  A leopard gecko zombie (D:5)
  3 quokka skeletons
  A quokka zombie (D:5)
  9 rats
173 creatures vanquished.

Notes
Turn   | Place    | Note
-------+----------+-------------------------------------------
     0 | D:1      | promet the Draconian Air Elementalist began the quest for
                  | the Orb.
     0 | D:1      | Reached XP level 1. HP: 14/14 MP: 3/3
   214 | D:1      | Reached XP level 2. HP: 20/20 MP: 0/5
   846 | D:1      | Learned a level 2 spell: Swiftness
  1065 | D:1      | Reached XP level 3. HP: 27/27 MP: 0/6
  2503 | D:2      | Reached XP level 4. HP: 34/34 MP: 4/7
  2508 | D:2      | Learned a level 3 spell: Static Discharge
  3229 | D:3      | Reached skill level 1 in Short Blades
  3311 | D:3      | Found a sparkling altar of Nemelex Xobeh.
  3315 | D:3      | Became a worshipper of Nemelex Xobeh the Trickster
  4167 | D:4      | Noticed an ogre
  4320 | D:4      | Reached * piety under Nemelex Xobeh
  4350 | D:4      | Reached XP level 5. HP: 34/39 MP: 2/9
  4570 | D:4      | Killed an ogre
  4576 | D:4      | Reached XP level 6. HP: 37/46 MP: 4/10
  5470 | D:4      | Found an ornate altar of the Wu Jian Council.
  5555 | D:5      | Entered Level 5 of the Dungeon
  5635 | D:5      | Received a gift from Nemelex Xobeh
  5647 | D:5      | Reached skill level 1 in Fighting
  5647 | D:5      | Your scales start taking on a rich purple colour.
  5647 | D:5      | Reached XP level 7. HP: 50/52 MP: 4/13
  5771 | D:5      | Reached skill level 5 in Air Magic
  5938 | D:5      | Reached skill level 1 in Slings
  6176 | D:5      | Reached skill level 1 in Throwing
  6805 | D:6      | Learned a level 4 spell: Airstrike
  7111 | D:6      | Found a staircase to the Ecumenical Temple.
  7250 | D:6      | Reached ** piety under Nemelex Xobeh
  7279 | D:6      | Reached skill level 1 in Long Blades
  7512 | D:7      | Noticed Menkaure
  7519 | D:7      | Killed Menkaure
  7520 | D:7      | Reached skill level 5 in Spellcasting
  7520 | D:7      | Reached XP level 8. HP: 41/59 MP: 4/15
  8081 | D:7      | Found a transporter.
  8089 | D:7      | Found a transporter.
  8093 | D:7      | Noticed aphrod's ghost (journeyman SpEn)
  8625 | D:7      | Reached skill level 1 in Polearms
  9203 | D:7      | Received a gift from Nemelex Xobeh
  9781 | D:8      | Found a shimmering altar of Xom.
  9781 | D:8      | Noticed dtburroughs's ghost (novice MiBe)
  9781 | D:8      | Noticed a +2 war axe of chaos
  9782 | D:8      | Found a runed translucent door.
  9782 | D:8      | Reached *** piety under Nemelex Xobeh
  9916 | D:8      | Reached XP level 9. HP: 67/67 MP: 10/18
  9928 | D:8      | Noticed a tengu warrior
  9965 | D:8      | Killed a tengu warrior
 10637 | D:8      | Learned a level 5 spell: Lightning Bolt
 10639 | D:8      | Learned a level 1 spell: Sandblast
 11096 | D:8      | Received a gift from Nemelex Xobeh
 11871 | D:9      | Noticed Psyche
 12234 | D:8      | HP: 2/68 [+2 war axe of chaos (4)]
 12234 | D:8      | Slain by a +2 war axe of chaos

Illustrated notes

Levels and vault maps discovered:
D:1:      dpeg_arrival_tiny_a, layout_basic
D:2:      minmay_alternating_diamond, layout_loops_corners, grunt_ministairs_3
D:3:      layout_loops_ring, nemelex_lonely_heart_becter
D:4:      layout_loops_ring, kennysheep_mini, minivault_14,
          minmay_misc_feat_more_columns
D:5:      layout_cave_pods
D:6:      layout_basic, temple_doors_cd, uniq_eustachio
D:7:      layout_layer_cave, gammafunk_ghost_arena, uniq_menkaure
D:8:      layout_basic, ebering_ghost_xom, minmay_diamond_spiral
D:9:      layout_cave_pools, erik_lair_dragon, serial_shops, shop,
          hangedman_ranch [blue_anna_fruit_fields], uniq_psyche

Skill      XL: |  1  2  3  4  5  6  7  8  9 |
---------------+----------------------------+-----
Stealth        | 2 3 4 |  4.0
Air Magic      | 4 5 6 7 |  7.0
Dodging        | 2 3 4 |  4.1
Short Blades   | 1 2 |  2.9
Spellcasting   | 3 4 5 6 7 |  7.2
Conjurations   | 2 3 4 |  4.2
Fighting       | 1 2 3 |  3.1
Slings         | 1 2 |  2.7
Throwing       | 1 |  1.6
Long Blades    | 1 2 |  2.9
Polearms       | 1 4 |  4.2
Evocations     | |  0.1

Action                   |  1- 3 |  4- 6 |  7- 9 || total
-------------------------+-------+-------+-------++-------
Melee: Unarmed           |     3 |       |       ||     3
       Tailslap          |     9 |     7 |    16 ||    32
       Dagger            |    85 |     2 |       ||    87
       Short sword       |    32 |    75 |    10 ||   117
       Long sword        |       |       |    64 ||    64
       Spear             |       |       |    32 ||    32
       Bardiche          |       |       |    78 ||    78
 Fire: Hunting sling     |       |    15 |    28 ||    43
Throw: Dart              |       |     7 |    16 ||    23
       Boomerang         |       |       |     9 ||     9
       Javelin           |       |       |     2 ||     2
 Cast: Shock             |    63 |   101 |    48 ||   212
       Swiftness         |     2 |     7 |     1 ||    10
       Static Discharge  |       |     4 |    16 ||    20
       Airstrike         |       |       |    18 ||    18
       Lightning Bolt    |       |       |     6 ||     6
Invok: Draw Destruction  |       |     3 |     6 ||     9
       Draw Escape       |       |       |     1 ||     1
Evoke: Wand              |       |       |     1 ||     1
       Phial of floods   |       |       |     1 ||     1
  Use: Scroll            |     9 |     2 |    14 ||    25
       Potion            |       |     1 |     2 ||     3
 Stab: Sleeping          |     3 |     3 |     3 ||     9
Armor: Skin              |    74 |    38 |   145 ||   257
Dodge: Dodged            |   113 |    61 |   191 ||   365
       Rpst.: Long sword |       |       |    11 ||    11
